 Dungeon Crawl Stone Soup version 0.15-a0-2016-g65a70f9 (webtiles) character file.

6 jahcalling the Digger (level 1, -4/14 HPs)
             Began as a Ghoul Earth Elementalist on July 12, 2014.
             Slain by a gnoll
             ... wielding a +0 whip
              (6 damage)
             ... on Level 1 of the Dungeon.
             The game lasted 00:06:49 (330 turns).

jahcalling the Digger (Ghoul Earth Elementalist)     Turns: 330, Time: 00:06:49

HP  -4/14        AC  3     Str 11      XL: 1   Next: 90%
MP   1/3         EV 15     Int 10      God:
Gold 18          SH  0     Dex  9      Spells:  1 memorised,  3 levels left

rFire  . . .     SeeInvis .     (no weapon)
rCold  + . .     Clarity  .     c - +0 robe
rNeg   + + +     rCorr    .     (no shield)
rPois  +         rRot     +     a - +0 helmet
rElec  .         Spirit   .     (no cloak)
SustAb .         Warding  .     (no gloves)
rMut   .         Stasis   .     (no boots)
Saprov + + +                    (no amulet)
MR     .....                    (no ring)
                                j - +3 ring of evasion

@: rotting, not resistant to hostile enchantments, unstealthy
A: rotting body, claws 1, carnivore 3, cold resistance 1, negative energy
resistance 3, poison resistance, saprovore 3, slow healing 1, torment
resistance, unbreathing
a: no special abilities


You were on level 1 of the Dungeon.
You were not hungry.

You visited 1 branch of the dungeon, and saw 1 of its levels.

You collected 18 gold pieces.

Inventory:

Missiles
 b - 20 stones (quivered)
Armour
 a - a +0 helmet (worn)
 c - a +0 robe (worn)
Comestibles
 g - a beef jerky
 k - 2 chunks of goblin flesh
Scrolls
 e - a scroll of remove curse {unknown}
 f - a scroll of identify {unknown}
 i - a scroll of amnesia {unknown}
 m - a scroll of immolation {unknown}
Jewellery
 j - a +3 ring of evasion (left claw)
Potions
 h - a potion of restore abilities {unknown}
 l - a potion of brilliance {unknown}
Books
 d - a book of Geomancy

   Spells                             Type                      Level
   *Sandblast                         Earth                        1
   Stoneskin                          Transmutation/Earth          2
   Passwall                           Transmutation/Earth          3
   Stone Arrow                        Conjuration/Earth            3
   Petrify                            Transmutation/Earth          4
   Lee's Rapid Deconstruction         Earth                        5


   Skills:
 + Level 1.9 Dodging
 + Level 2.2 Stealth
 * Level 2.0 Spellcasting
   Level 0.8 Transmutations
 * Level 3.4 Earth Magic


You had 3 spell levels left.
You knew the following spells:

 Your Spells              Type           Power        Failure   Level  Hunger
a - Sandblast             Erth           #.....       10%         1    ##.....


Dungeon Overview and Level Annotations

Branches:
Dungeon (1/15)

Altars:


Innate Abilities, Weirdness & Mutations

Your body is rotting away.
You have sharp fingernails.
You are carnivorous and can eat meat at any time.
Your flesh is cold resistant.
You are immune to negative energy.
Your system is resistant to poisons.
You thrive on rotten meat.
You heal slowly when monsters are visible.
You are immune to unholy pain and torment.
You can survive without breathing.


Message History

Aiming: Sandblast
Press: ? - help, Shift-Dir - straight line, f/p - gnoll
Aim: a gnoll, wielding a whip The blast of sand misses the gnoll.
The blast of sand misses the goblin.
The gnoll closely misses you.
Casting: Sandblast
Confirm with . or Enter, or press ? or * to list all spells.
You don't have enough magic to cast that spell.
The gnoll hits you with a whip.
* * * LOW HITPOINT WARNING * * *
There are monsters nearby!
You barely miss the gnoll. You scratch the gnoll.
The gnoll begins to bleed from its wounds!
The gnoll is lightly wounded.
The gnoll closely misses you.
You scratch the gnoll but do no damage.
The gnoll is lightly wounded.
The gnoll hits you with a whip.
You die...

...... .... ########.##### #
#..#.........#..
....%##.#...........#.
.!......##.....#.#.....##
........#......#[#......#
.......##......#.#......# ...
.......##...)#.#@# #....# ...
.......##...##.#g#.##...# ...
........#.....⌠#g# .....# #.#
........#).#####.#####..###.#
................<.........#.#
##.####.#..#####.#####..#.#.#
#......#.....⌠#.#⌠.....#.#.##
##g.##..#...##.#.#.##...#....#
...#...##....#.#.#.#....###..#


You could see a gnoll (bleeding) and a goblin.

Vanquished Creatures
  2 goblins (D:1)
  2 kobolds (D:1)
  A bat (D:1)
5 creatures vanquished.

Notes
Turn   | Place    | Note
--------------------------------------------------------------
     0 | D:1      | jahcalling, the Ghoul Earth Elementalist, began the quest for the Orb.
     0 | D:1      | Reached XP level 1. HP: 14/14 MP: 2/2
   330 | D:1      | Slain by a gnoll

Action                   || total
-------------------------++-------
Melee: Unarmed           ||    25
Throw: Stone             ||     1
 Cast: Sandblast         ||     8
